AoeStats
← Sirfrancisdrake

Nomad

503835652Analyzed
2v2 RM · 1mo ago on Sep 2, 2026· 71m 26s· 4 players
Game mode
Random Map
Map size
176×176
Population
200
Speed
Normal
Resources
Standard
Victory
Conquest
Starting age
Dark Age
Ending age
Imperial Age
RankedLock teamsTeams togetherTeam positionsShared explorationLock speedFull tech treeHidden civsTurbo modeCheats
Victory
Defeat
🇨🇳 Persians · China
979
+15
🇹🇷 Vikings · Türkiye
972
+15
🇹🇷 Italians · Türkiye
969
-16
🇹🇷 Chinese · Türkiye
942
-14
Sirfrancisdrake
6:52 Loom
13:05 Feudal Age
15:07 Feudal Age
19:37 Bloodlines
21:51 Castle Age
20:34 Scale Barding Armor
20:40 Forging
21:31 Fishing Lines
22:15 Gold Mining
22:41 Husbandry
23:10 Chain Barding Armor
23:26 Iron Casting
36:51 Wheelbarrow
37:04 Stone Mining
39:15 Hand Cart
38:46 Town Watch
43:43 Fletching
43:53 Padded Archer Armor
48:45 Imperial Age
47:33 Bodkin Arrow
47:54 Leather Archer Armor
49:53 Conscription
48:54 Elite Genoese Crossbowman
52:26 Bracer
53:38 Ring Archer Armor
53:33 Ballistics
65:29 Chemistry
66:03 Murder Holes
VefsaneV
3:29 Loom
15:12 Feudal Age
15:59 Gold Mining
17:39 Wheelbarrow
21:41 Castle Age
19:59 Fletching
21:38 Double-Bit Axe
22:40 Padded Archer Armor
24:32 Bodkin Arrow
25:47 Ballistics
26:17 Bow Saw
25:48 Elite Skirmisher
28:58 Leather Archer Armor
32:25 Wheelbarrow
34:31 Hand Cart
41:03 Imperial Age
39:57 Town Watch
41:48 Gold Shaft Mining
41:04 Stone Mining
43:49 Stone Shaft Mining
46:16 Thumb Ring
46:19 Bracer
46:50 Ring Archer Armor
47:15 Elite Chu Ko Nu
50:31 Chemistry
54:43 Conscription
55:15 Fortified Wall
60:37 Two-Man Saw
68:06 Heavy Scorpion
69:08 Rocketry
Steven
7:06 Loom
7:32 Loom
14:29 Feudal Age
15:41 Wheelbarrow
14:57 Fishing Lines
15:48 Double-Bit Axe
19:04 Gold Mining
24:56 Castle Age
24:11 Bloodlines
25:42 Husbandry
25:07 Pikeman
25:48 Squires
26:53 Gillnets
27:22 Hand Cart
28:03 Bow Saw
31:22 Scale Barding Armor
31:27 Forging
31:17 Scale Mail Armor
36:05 Imperial Age
33:48 Horse Collar
35:25 Gold Shaft Mining
34:41 Stone Mining
36:17 Chain Barding Armor
36:12 Chain Mail Armor
36:18 Halberdier
36:59 Town Watch
38:27 Conscription
37:56 Cavalier
41:47 Two-Man Saw
40:37 Savar
42:40 Heavy Plow
43:34 Chain Mail Armor
47:36 Town Patrol
51:09 Crop Rotation
54:38 Plate Barding Armor
54:38 Iron Casting
54:34 Plate Mail Armor
54:56 Stone Shaft Mining
57:29 Hoardings
65:33 Blast Furnace
65:27 Caravan
66:07 Guilds
Trabzonli Bela
6:25 Loom
14:24 Feudal Age
15:13 Fishing Lines
19:14 Castle Age
18:01 Double-Bit Axe
19:42 Crossbowman
24:50 Fletching
28:07 Pikeman
28:47 Squires
28:34 Arson
31:23 Town Watch
33:54 Forging
34:22 Elite Skirmisher
35:11 Scale Mail Armor
35:11 Padded Archer Armor
42:11 Iron Casting
41:52 Chain Mail Armor
41:58 Chieftains
52:05 Imperial Age
56:20 Leather Archer Armor
56:01 Bodkin Arrow
56:30 Conscription
61:27 Bracer
64:09 Ballistics
64:51 Chemistry
65:37 Ring Archer Armor
66:12 Chain Mail Armor
70:17 Blast Furnace
69:48 Plate Mail Armor
Connection lost

Rejoining the realm…

Still unreachable

The connection could not be restored.

Session expired

The server has moved on; the page needs a fresh start.